[ PARTIDA AOE2 · #475557889 ]
Team RMArmenios vs Poles
[ ANÁLISIS DE REPETICIÓN · EXTRAÍDO DE LA PARTIDA GRABADA ]
Feudal
11:22
Castillos
—
Imperial
—
| APM promedio | 42.8 |
| APM pico | 95 |
| eAPM promedio | 23.4 |
| Aldeanos / militares | 58 / 39 |
Foco
⚔️ 19.8% · 🌾 80.2%
Militia ×39
Feudal
—
Castillos
—
Imperial
—
| APM promedio | 16.5 |
| APM pico | 55 |
| eAPM promedio | 7.7 |
| Aldeanos / militares | 23 / 0 |
Foco
⚔️ 6.5% · 🌾 93.5%
Feudal
9:24
Castillos
—
Imperial
—
| APM promedio | 26.6 |
| APM pico | 53 |
| eAPM promedio | 16.2 |
| Aldeanos / militares | 62 / 7 |
Foco
⚔️ 17.3% · 🌾 82.7%
Battering Ram ×7
Feudal
10:42
Castillos
16:34
Imperial
—
| APM promedio | 20.4 |
| APM pico | 43 |
| eAPM promedio | 12.2 |
| Aldeanos / militares | 64 / 16 |
Foco
⚔️ 20.8% · 🌾 79.2%
Archer ×16
Mapa de la partida
Recursos al inicio + cada clic de construcción. Línea gruesa = muro · recuadro discontinuo = muro de casas detectado. 🟡 oro · ⚪ piedra · 🟢 bayas · 🔶 jabalí · ⭕ reliquia
Tu base· Abierta — flanco sin cerrar
Base de Gamer206229· Abierta — flanco sin cerrar
Base de lineric1995· Abierta — flanco sin cerrar
Base de AguAgu21· Abierta — flanco sin cerrar
Terreno con relieve · ⚠ = hueco de muro detectado · pasá el cursor para detalles
Inputs por minuto
— stickysushi - - Gamer206229
Build order — stickysushi
131 acciones detectadas en el replay
| 0:00 | Crear | Villager (Male) |
| 0:01 | Crear | Villager (Male) |
| 0:01 | Crear | Villager (Male) |
| 0:01 | Crear | Villager (Male) |
| 0:02 | Construir | House |
| 0:05 | Construir | House |
| 1:12 | Crear | Villager (Male) |
| 1:12 | Crear | Villager (Male) |
| 1:44 | Crear | Villager (Male) |
| 1:44 | Crear | Villager (Male) |
| 2:26 | Crear | Villager (Male) |
| 2:27 | Crear | Villager (Male) |
| 2:27 | Crear | Villager (Male) |
| 2:36 | Construir | House |
| 2:42 | Construir | Mule Cart |
| 2:54 | Crear | Villager (Male) |
| 2:54 | Crear | Villager (Male) |
| 2:54 | Crear | Villager (Male) |
| 3:22 | Crear | Villager (Male) |
| 3:22 | Crear | Villager (Male) |
| 3:40 | Crear | Villager (Male) |
| 3:40 | Crear | Villager (Male) |
| 3:40 | Crear | Villager (Male) |
| 4:08 | Crear | Villager (Male) |
| 4:08 | Crear | Villager (Male) |
| 4:08 | Crear | Villager (Male) |
| 4:26 | Crear | Villager (Male) |
| 4:27 | Crear | Villager (Male) |
| 4:27 | Crear | Villager (Male) |
| 4:45 | Crear | Villager (Male) |
| 4:46 | Crear | Villager (Male) |
| 4:46 | Crear | Villager (Male) |
| 5:05 | Crear | Villager (Male) |
| 5:05 | Crear | Villager (Male) |
| 5:06 | Crear | Villager (Male) |
| 5:06 | Crear | Villager (Male) |
| 5:37 | Crear | Villager (Male) |
| 5:37 | Crear | Villager (Male) |
| 5:38 | Crear | Villager (Male) |
| 6:02 | Construir | House |
| 6:07 | Crear | Villager (Male) |
| 6:07 | Crear | Villager (Male) |
| 6:23 | Construir | Mill |
| 6:36 | Crear | Villager (Male) |
| 6:40 | Crear | Villager (Male) |
| 6:43 | Investigar | Loom |
| 8:16 | Construir | Barracks |
| 8:27 | Investigar | Feudal Age |
| 9:19 | Construir | Mill |
| 9:37 | Construir | Mule Cart |
| 9:44 | Construir | House |
| 9:45 | Construir | House |
| 10:10 | Crear | Villager (Male) |
| 10:18 | Construir | Farm |
| 10:19 | Construir | Farm |
| 10:20 | Construir | Farm |
| 10:28 | Crear | Villager (Male) |
| 10:33 | Construir | House |
| 10:42 | Construir | Barracks |
| 10:54 | Crear | Villager (Male) |
| 11:11 | Construir | House |
| 11:18 | Construir | House |
| 11:22 | Edad | Edad Feudal |
| 11:25 | Investigar | Man-at-Arms (upgrade) |
| 11:25 | Crear | Militia |
| 11:25 | Crear | Militia |
| 11:26 | Crear | Militia |
| 11:26 | Crear | Militia |
| 11:26 | Crear | Militia |
| 12:19 | Construir | Farm |
| 12:20 | Construir | Farm |
| 12:42 | Crear | Villager (Male) |
| 12:48 | Construir | Farm |
| 12:51 | Crear | Militia |
| 12:52 | Crear | Militia |
| 12:54 | Investigar | Long Swordsman (upgrade) |
| 12:54 | Crear | Militia |
| 12:55 | Crear | Militia |
| 12:55 | Crear | Militia |
| 12:55 | Crear | Militia |
| 13:09 | Construir | Blacksmith |
| 13:21 | Crear | Villager (Male) |
| 13:31 | Construir | Farm |
| 13:32 | Construir | Farm |
| 13:33 | Construir | Farm |
| 13:38 | Crear | Villager (Male) |
| 13:39 | Crear | Villager (Male) |
| 13:45 | Construir | House |
| 13:46 | Construir | House |
| 13:49 | Crear | Militia |
| 13:52 | Crear | Militia |
| 14:09 | Crear | Militia |
| 14:10 | Crear | Militia |
| 14:38 | Crear | Villager (Male) |
| 14:39 | Crear | Villager (Male) |
| 14:49 | Crear | Militia |
| 14:49 | Crear | Militia |
| 15:13 | Construir | Farm |
| 15:13 | Construir | Farm |
| 16:09 | Crear | Villager (Male) |
| 16:10 | Crear | Villager (Male) |
| 16:35 | Crear | Militia ×5 |
| 16:35 | Crear | Militia ×5 |
| 16:46 | Crear | Villager (Male) |
| 17:21 | Crear | Villager (Male) |
| 17:27 | Investigar | Scale Mail Armor |
| 17:49 | Crear | Militia ×2 |
| 17:49 | Crear | Militia ×3 |
| 17:49 | Crear | Militia |
| 17:57 | Construir | House |
| 17:57 | Construir | House |
| 18:06 | Construir | House |
| 18:36 | Investigar | Arson |
| 18:37 | Investigar | Arson |
| 18:40 | Crear | Militia ×2 |
| 18:41 | Crear | Militia ×2 |
| 18:48 | Crear | Villager (Male) |
| 18:48 | Crear | Villager (Male) |
| 18:56 | Construir | Market |
| 19:09 | Crear | Militia |
| 19:09 | Crear | Militia |
| 19:21 | Crear | Villager (Male) |
| 19:26 | Crear | Villager (Male) |
| 19:53 | Crear | Villager (Male) |
| 20:22 | Construir | House |
| 20:26 | Construir | House |
| 21:10 | Construir | Farm |
| 21:12 | Construir | Farm |
| 21:14 | Construir | Farm |
| 21:14 | Construir | Farm |
| 22:11 | Crear | Villager (Male) |
Build order — Gamer206229
36 acciones detectadas en el replay
| 0:04 | Construir | House |
| 0:06 | Construir | House |
| 0:06 | Crear | Villager (Male) ×4 |
| 1:34 | Crear | Villager (Male) |
| 2:01 | Crear | Villager (Male) |
| 2:08 | Construir | House |
| 2:16 | Construir | House |
| 2:39 | Construir | House |
| 3:03 | Crear | Villager (Male) ×2 |
| 3:14 | Construir | Lumber Camp |
| 3:54 | Crear | Villager (Male) ×3 |
| 4:30 | Crear | Villager (Male) |
| 5:38 | Crear | Villager (Male) ×2 |
| 5:54 | Construir | Mill |
| 6:31 | Crear | Villager (Male) |
| 7:04 | Crear | Villager (Male) |
| 7:04 | Crear | Villager (Male) |
| 7:13 | Construir | Mill |
| 7:15 | Investigar | Loom |
| 8:15 | Crear | Villager (Male) |
| 8:29 | Crear | Villager (Male) |
| 9:05 | Crear | Villager (Male) |
| 9:05 | Crear | Villager (Male) |
| 9:16 | Construir | Mining Camp |
| 10:04 | Investigar | Feudal Age |
| 11:45 | Crear | Villager (Male) |
| 12:17 | Construir | Market |
| 12:23 | Crear | Villager (Male) |
| 12:30 | Construir | Blacksmith |
| 13:07 | Investigar | Castle Age |
| 13:43 | Construir | Mining Camp |
| 13:49 | Investigar | Double-Bit Axe |
| 13:50 | Investigar | Horse Collar |
| 14:45 | Construir | Barracks |
| 15:15 | Construir | Stable |
| 15:38 | Investigar | Bloodlines |
Build order — lineric1995
85 acciones detectadas en el replay
| 0:01 | Crear | Villager (Male) ×4 |
| 0:02 | Investigar | Loom |
| 0:03 | Construir | House |
| 0:04 | Construir | House |
| 0:06 | Construir | House |
| 1:42 | Crear | Villager (Male) |
| 2:01 | Crear | Villager (Male) |
| 2:29 | Crear | Villager (Male) |
| 3:00 | Crear | Villager (Male) |
| 3:13 | Crear | Villager (Male) |
| 4:12 | Crear | Villager (Male) |
| 4:30 | Crear | Villager (Male) |
| 4:51 | Construir | Lumber Camp |
| 4:53 | Crear | Villager (Male) ×2 |
| 5:06 | Construir | Mill |
| 5:39 | Crear | Villager (Male) ×2 |
| 6:21 | Crear | Villager (Male) |
| 7:15 | Investigar | Feudal Age |
| 7:26 | Construir | Mill |
| 7:51 | Crear | Villager (Male) ×3 |
| 8:05 | Construir | House |
| 8:12 | Crear | Villager (Male) |
| 8:39 | Crear | Villager (Male) ×4 |
| 9:06 | Construir | House |
| 9:24 | Edad | Edad Feudal |
| 9:44 | Investigar | Double-Bit Axe |
| 10:13 | Construir | House |
| 10:15 | Crear | Villager (Male) ×5 |
| 10:52 | Construir | Blacksmith |
| 11:11 | Crear | Villager (Male) ×2 |
| 11:39 | Construir | Siege Workshop |
| 11:46 | Construir | Mining Camp |
| 11:55 | Investigar | Horse Collar |
| 11:58 | Crear | Villager (Male) |
| 13:06 | Construir | Mining Camp |
| 13:13 | Crear | Battering Ram |
| 14:16 | Construir | House |
| 14:18 | Construir | House |
| 14:24 | Investigar | Gold Mining |
| 14:25 | Crear | Villager (Male) ×5 |
| 14:35 | Construir | Farm |
| 14:36 | Construir | Farm |
| 14:37 | Construir | Farm |
| 14:39 | Construir | Farm |
| 14:43 | Crear | Battering Ram |
| 15:19 | Crear | Battering Ram |
| 15:43 | Crear | Battering Ram |
| 16:16 | Crear | Battering Ram |
| 16:44 | Crear | Battering Ram |
| 17:20 | Crear | Battering Ram |
| 17:34 | Construir | Town Center |
| 17:51 | Construir | House |
| 17:52 | Construir | House |
| 17:52 | Construir | House |
| 17:52 | Construir | House |
| 17:53 | Construir | House |
| 17:53 | Construir | House |
| 18:26 | Crear | Villager (Male) ×5 |
| 18:27 | Crear | Villager (Male) ×5 |
| 19:30 | Construir | Farm |
| 19:31 | Construir | Farm |
| 19:33 | Construir | Farm |
| 19:35 | Construir | Farm |
| 19:36 | Construir | Farm |
| 19:53 | Construir | Farm |
| 19:59 | Construir | Farm |
| 20:05 | Construir | Farm |
| 20:06 | Construir | Farm |
| 20:08 | Crear | Villager (Male) ×5 |
| 20:23 | Construir | Mill |
| 20:25 | Construir | Farm |
| 20:26 | Construir | Farm |
| 20:27 | Construir | Farm |
| 20:29 | Construir | Farm |
| 20:29 | Construir | Farm |
| 20:30 | Construir | Farm |
| 20:32 | Construir | Farm |
| 22:07 | Investigar | Wheelbarrow |
| 22:08 | Crear | Villager (Male) ×5 |
| 22:09 | Crear | Villager (Male) ×5 |
| 22:17 | Construir | Farm |
| 22:17 | Construir | Farm |
| 22:19 | Construir | Farm |
| 22:21 | Construir | Farm |
| 22:22 | Construir | Farm |
Build order — AguAgu21
118 acciones detectadas en el replay
| 0:01 | Crear | Villager (Male) |
| 0:02 | Crear | Villager (Male) |
| 0:02 | Crear | Villager (Male) |
| 0:02 | Crear | Villager (Male) |
| 0:03 | Construir | House |
| 0:05 | Construir | House |
| 1:27 | Crear | Villager (Male) |
| 1:27 | Crear | Villager (Male) |
| 1:46 | Construir | Lumber Camp |
| 2:14 | Crear | Villager (Male) |
| 2:15 | Crear | Villager (Male) |
| 2:15 | Crear | Villager (Male) |
| 2:18 | Crear | Villager (Male) |
| 2:18 | Crear | Villager (Male) |
| 2:19 | Crear | Villager (Male) |
| 2:34 | Crear | Villager (Male) |
| 2:34 | Crear | Villager (Male) |
| 2:34 | Crear | Villager (Male) |
| 2:57 | Crear | Villager (Male) |
| 2:58 | Crear | Villager (Male) |
| 2:58 | Crear | Villager (Male) |
| 3:29 | Crear | Villager (Male) |
| 3:29 | Crear | Villager (Male) |
| 3:29 | Crear | Villager (Male) |
| 3:34 | Construir | House |
| 3:51 | Crear | Villager (Male) |
| 3:51 | Crear | Villager (Male) |
| 3:51 | Crear | Villager (Male) |
| 4:39 | Investigar | Loom |
| 4:39 | Investigar | Loom |
| 4:41 | Crear | Villager (Male) |
| 4:41 | Crear | Villager (Male) |
| 4:42 | Crear | Villager (Male) |
| 5:06 | Crear | Villager (Male) |
| 6:18 | Crear | Villager (Male) |
| 6:19 | Crear | Villager (Male) |
| 6:19 | Crear | Villager (Male) |
| 6:19 | Crear | Villager (Male) |
| 7:11 | Crear | Villager (Male) |
| 7:17 | Construir | House |
| 7:30 | Construir | House |
| 7:38 | Construir | Mill |
| 8:07 | Crear | Villager (Male) |
| 8:31 | Investigar | Feudal Age |
| 8:44 | Construir | Mining Camp |
| 9:38 | Construir | Mill |
| 9:53 | Crear | Villager (Male) |
| 9:53 | Crear | Villager (Male) |
| 10:15 | Construir | Farm |
| 10:15 | Construir | Farm |
| 10:15 | Construir | Farm |
| 10:15 | Construir | Farm |
| 10:42 | Edad | Edad Feudal |
| 10:46 | Crear | Villager (Male) |
| 10:51 | Construir | House |
| 10:52 | Construir | House |
| 11:04 | Construir | Market |
| 11:13 | Construir | Blacksmith |
| 12:01 | Crear | Villager (Male) |
| 12:01 | Crear | Villager (Male) |
| 12:02 | Crear | Villager (Male) |
| 12:55 | Construir | Farm |
| 13:23 | Construir | Farm |
| 13:54 | Investigar | Castle Age |
| 14:49 | Construir | Barracks |
| 15:37 | Construir | Archery Range |
| 16:19 | Crear | Archer |
| 16:19 | Crear | Archer |
| 16:20 | Crear | Archer |
| 16:20 | Crear | Archer |
| 16:20 | Crear | Archer |
| 16:20 | Crear | Archer |
| 16:34 | Edad | Edad de los Castillos |
| 16:51 | Construir | Town Center |
| 16:53 | Crear | Villager (Male) |
| 16:53 | Crear | Villager (Male) |
| 16:53 | Crear | Villager (Male) |
| 16:54 | Crear | Villager (Male) |
| 17:32 | Crear | Archer |
| 17:32 | Crear | Archer |
| 17:33 | Crear | Archer |
| 17:34 | Crear | Villager (Male) |
| 17:35 | Crear | Villager (Male) |
| 17:43 | Crear | Villager (Male) |
| 17:48 | Crear | Villager (Male) |
| 18:01 | Construir | Archery Range |
| 18:04 | Crear | Villager (Male) |
| 18:17 | Crear | Villager (Male) |
| 18:19 | Crear | Villager (Male) |
| 18:19 | Crear | Villager (Male) |
| 18:19 | Crear | Villager (Male) |
| 18:20 | Crear | Villager (Male) |
| 18:20 | Crear | Villager (Male) |
| 18:30 | Crear | Villager (Male) |
| 18:43 | Crear | Villager (Male) |
| 18:49 | Crear | Archer |
| 18:49 | Crear | Archer |
| 18:49 | Crear | Archer |
| 18:50 | Crear | Archer |
| 18:50 | Crear | Archer |
| 19:28 | Crear | Villager (Male) |
| 19:28 | Crear | Villager (Male) |
| 19:33 | Crear | Villager (Male) |
| 19:34 | Crear | Villager (Male) |
| 19:37 | Construir | House |
| 19:38 | Construir | House |
| 19:38 | Construir | House |
| 19:39 | Construir | House |
| 19:39 | Construir | House |
| 19:47 | Construir | Farm |
| 20:01 | Crear | Villager (Male) |
| 20:13 | Investigar | Fletching |
| 20:16 | Crear | Archer |
| 20:16 | Crear | Archer |
| 20:26 | Construir | Stone Wall |
| 20:40 | Construir | Siege Workshop |
| 20:41 | Crear | Villager (Male) |
| 20:42 | Crear | Villager (Male) |
Cronología de la partida
| 8:16 | stickysushi · first_building Barracks |
| 9:24 | lineric1995 · age_up feudal |
| 10:42 | AguAgu21 · age_up feudal |
| 11:22 | stickysushi · age_up feudal |
| 11:39 | lineric1995 · first_building Siege Workshop |
| 13:30 | AguAgu21 · first_market_sell 100 wood |
| 13:34 | AguAgu21 · first_market_buy 100 food |
| 14:45 | Gamer206229 · first_building Barracks |
| 14:49 | AguAgu21 · first_building Barracks |
| 15:15 | Gamer206229 · first_building Stable |
| 15:37 | AguAgu21 · first_building Archery Range |
| 16:34 | AguAgu21 · age_up castle |
| 17:23 | Gamer206229 · resign |
| 20:26 | AguAgu21 · wall_segment Stone Wall x8 |
| 20:40 | AguAgu21 · first_building Siege Workshop |
[ ANÁLISIS IA · 1 CRÉDITO ]
¿Qué pasó realmente en esta partida?
Wolo.gg analiza cada decisión: build order, eco, micro, errores típicos por bracket. Análisis personalizado por WhatsApp o Discord en 30 segundos.
Guía civ
Armenios
Guía mapa
Arena
Perfil
stickysushi